 Dungeon Crawl Stone Soup version 0.28.0-43-g3370ac3207 (webtiles) character file.

Game seed: 17964410811639543488

65 Sanktem7 the Skirmisher (level 3, -4/34 HPs)
             Began as a Minotaur Fighter on Mar 6, 2022.
             Slain by Sigmund
             ... wielding a +0 scythe
              (9 damage)
             ... on level 2 of the Dungeon.
             The game lasted 00:01:50 (1663 turns).

Sanktem7 the Skirmisher (Minotaur Fighter)          Turns: 1663, Time: 00:01:50

Health: -4/34      AC:  7    Str: 22    XL:     3   Next: 92%
Magic:  2/2        EV:  9    Int:  5    God:
Gold:   56         SH:  4    Dex:  9    Spells: 2/2 levels left

rFire   . . .      SeeInvis .   a - +0 war axe {axe}
rCold   . . .      Faith    .   c - +0 buckler
rNeg    . . .      Spirit   .   b - +0 scale mail
rPois   .          Reflect  .   (helmet restricted)
rElec   .          Harm     .   (no cloak)
rCorr   .          Rampage  .   (no gloves)
Will    .....                   (no boots)
Stlth   ..........              (no amulet)
HPRegen 0.11/turn               (no ring)
MPRegen 0.08/turn               (no ring)

@: no status effects
A: horns 2, retaliatory headbutt
a: no special abilities


You were on level 2 of the Dungeon.
You visited 1 branch of the dungeon, and saw 2 of its levels.

You collected 56 gold pieces.


Innate Abilities, Weirdness & Mutations

You have a pair of horns on your head.
You reflexively headbutt those who attack you in melee.


   Skills:
 * Level 4.6 Fighting
 * Level 3.7 Axes
 + Level 4.1 Armour
 - Level 3.6 Shields


You had 2 spell levels left.
You didn't know any spells.
Your spell library was empty.

Inventory:

Hand Weapons
 a - a +0 war axe (weapon) {axe}
Missiles
 g - 15 stones (quivered) {throwing}
 k - 18 bolts
 l - 5 atropa-tipped darts {throwing}
Armour
 b - a +0 scale mail (worn)
 c - a +0 buckler (worn)
Scrolls
 e - 3 scrolls of holy word {unknown}
 f - 2 scrolls of identify {unknown}
 i - a scroll of silence {unknown}
 j - a scroll of fog {unknown}
 m - a scroll of teleportation {unknown}
Potions
 d - 3 potions of might
 h - a potion of resistance {unknown}

Dungeon Overview and Level Annotations

Branches:
Dungeon (2/15)

Altars:

Annotations:
D:2 Sigmund

#.# #.# #### #.#
#...## #.#
....>#######.###
###................
#.......#######.###
#.@#...#.# ##...##
#.@.###.# #.....#
####.#.#.# ##...##
#.......# ##.##
##.##.#.## #.#
#$......# #.#
#..##.#.# #+# #.
##.#.##### #.
#........#
#..#..#..##.#


You could see Sigmund.


Message History

You are too injured to fight recklessly!
You are too injured to fight recklessly!
You are too injured to fight recklessly! 😮 HP[-3]
You take 3 damage, and now have 25/34 hp.
You are too injured to fight recklessly!
You are too injured to fight recklessly!
You are too injured to fight recklessly!
You are too injured to fight recklessly!
You are too injured to fight recklessly!
You are too injured to fight recklessly!
You are too injured to fight recklessly!
You are too injured to fight recklessly!
You are too injured to fight recklessly!
You are too injured to fight recklessly!
You are too injured to fight recklessly!
You are too injured to fight recklessly!
You are too injured to fight recklessly!
You are too injured to fight recklessly!
You are too injured to fight recklessly!
You are too injured to fight recklessly!
You are too injured to fight recklessly!
You are too injured to fight recklessly!
You are too injured to fight recklessly!
You are too injured to fight recklessly!
Unknown command.
You feel sick.
The goblin unwields a +0 hunting sling.
The goblin wields a +0 club.
The goblin hits you but does no damage. 😮 HP[-1]
You take 1 damage, and now have 24/34 hp.
You slash the goblin!
You kill the goblin!
You feel sick.
You are no longer poisoned. 😮 HP[-1]
You take 1 damage, and now have 23/34 hp.
g - 15 stones {throwing} (gained 12)
Things that are here:
a +0 club {mace}; a +0 hunting sling {sling}; a goblin corpse A ball python comes into view. 😮 HP[+2]
You regained 2 hp, and now have 25/34 hp.
A ball python is nearby!
You are too injured to fight recklessly!
You are too injured to fight recklessly!
You are too injured to fight recklessly!
A ball python is nearby!
The ball python hisses angrily.
The ball python bites you but does no damage.
The ball python grabs you. The ball python constricts you.
You hit the ball python.
The ball python bites you but does no damage.
The ball python constricts you. The ball python barely misses you.
You furiously retaliate!
You headbutt the ball python!
You kill the ball python!
Sigmund the Dreaded comes into view.
He is wielding a +0 scythe.
Sigmund shouts! 😕 HP[+1]
Found a stone staircase leading down.
Sigmund hits you with a +0 scythe! 😮 HP[-7]
You take 7 damage, and now have 19/34 hp.
MASSIVE DAMAGE!! (PAUSE)
You hit Sigmund. Sigmund barely misses you.
You barely miss Sigmund. You slash Sigmund! Your headbutt misses Sigmund.
Sigmund hits you with a +0 scythe!
* * * LOW HITPOINT WARNING * * *
😨 HP[-7]
You take 7 damage, and now have 12/34 hp.
MASSIVE DAMAGE!! (PAUSE)
You closely miss Sigmund.
Sigmund hits you but does no damage. 😨 HP[+1]
You hit Sigmund. Your headbutt misses Sigmund.
Sigmund gestures at you while chanting. The puff of flame hits you.
* * * LOW HITPOINT WARNING * * *
😨 HP[-3]
You take 3 damage, and now have 10/34 hp.
You closely miss Sigmund. Your headbutt misses Sigmund.
Sigmund says, "Don't worry, I'll kill you fast."
Sigmund closely misses you.
You hit Sigmund but do no damage. Your headbutt misses Sigmund.
You block Sigmund's attack.
You closely miss Sigmund. Your headbutt misses Sigmund.
Sigmund giggles. "Time to reap what you sow."
Sigmund barely misses you.
Unknown command.
You hit Sigmund but do no damage. You headbutt Sigmund!
Sigmund gestures at you while chanting. The magic dart hits you.
* * * LOW HITPOINT WARNING * * *
😱 HP[-6]
You take 6 damage, and now have 4/34 hp.
You hit Sigmund. Sigmund gestures at you while chanting.
You resist with significant effort.
You barely miss Sigmund. Sigmund hits you with a +0 scythe!
You die...

Skill      XL: |  1  2  3 |
---------------+----------+-----
Fighting       | 4 |  4.6
Axes           | 3 |  3.7
Armour         | 4 |  4.1
Shields        | |  3.6

Action                   || total
-------------------------++-------
Melee: War axe           ||    80
       Headbutt          ||     8
Armor: Scale mail        ||    34
Dodge: Dodged            ||    31
Block: Buckler           ||    12

Levels and vault maps discovered:
D:1:      saegor_arrival_fortress, layout_loops_ring, moated_statue
D:2:      layout_loops_corners, uniq_sigmund

Notes
Turn   | Place    | Note
-------+----------+-------------------------------------------
     0 | D:1      | Sanktem7 the Minotaur Fighter began the quest for the Orb.
     0 | D:1      | Reached XP level 1. HP: 19/19 MP: 0/0
     0 | D:1      | magus.rc [v1.9.6]
   175 | D:1      | Reached XP level 2. HP: 18/27 MP: 1/1
   178 | D:1      | Reached skill level 4 in Fighting
   493 | D:1      | Reached skill level 3 in Axes
   517 | D:1      | magus.rc [v1.9.6]
  1125 | D:2      | Reached XP level 3. HP: 32/33 MP: 2/2
  1151 | D:2      | Reached skill level 4 in Armour
  1649 | D:2      | Noticed Sigmund
  1661 | D:2      | HP: 4/34 [Sigmund/magic dart (6)]
  1663 | D:2      | Slain by Sigmund

Vanquished Creatures
  2 adders (D:2)
  A worm (D:2)
  2 dart slugs (D:2)
  6 endoplasms
  A giant cockroach (D:2)
  2 hobgoblins
  6 jackals
  A quokka (D:2)
  4 ball pythons
  2 bats
  3 goblins
  2 kobolds
  5 rats
37 creatures vanquished.

Table legend:
 A = Non-vault XP
 B = Vault XP
 C = Vault XP percentage of total XP
 D = Non-vault monster count
 E = Vault monster count
 F = Vault count percentage of total count
                 A         B        C        D         E       F
            +---------+---------+-------+---------+---------+-------
      Total |      93 |       0 |   0.0 |      37 |       0 |   0.0
            +---------+---------+-------+---------+---------+-------
        D:1 |      25 |       0 |   0.0 |      16 |       0 |   0.0
        D:2 |      68 |       0 |   0.0 |      21 |       0 |   0.0
            +---------+---------+-------+---------+---------+-------

Illustrated notes

Table legend:
 A = Kills in this place as a percentage of kills in entire the game.
 B = Kills by you in this place as a percentage of kills by you in the entire game.
 C = Kills by friends in this place as a percentage of kills by friends in the entire game.
 D = Other kills in this place as a percentage of other kills in the entire game.
 E = Experience gained in this place as a percentage of experience gained in the entire game.
 F = Experience gained in this place divided by the number of levels of this place that you have seen.
                   A       B       C       D       E      F
               +-------+-------+-------+-------+-------+----------------------
         Total | 100.0 | 100.0 |   N/A |   N/A | 100.0 |  46.5
       Dungeon | 100.0 | 100.0 |   N/A |   N/A | 100.0 |  46.5
               +-------+-------+-------+-------+-------+----------------------

Table legend: (Time is in decaauts)
 A = Elapsed time spent in this place.
 B = Non-inter-level travel time spent in this place.
 C = Inter-level travel time spent in this place.
 D = Time resting spent in this place.
 E = Time spent auto-exploring this place.
 F = Levels seen in this place.
 G = Mean time per level.
                   A        B        C        D        E       F      G
               +--------+--------+--------+--------+--------+-----+--------+
         Total |   1694 |   1617 |     77 |      0 |   1383 |   2 |  847.0 |
       Dungeon |   1694 |   1617 |     77 |      0 |   1383 |   2 |  847.0 |
               +--------+--------+--------+--------+--------+-----+--------+

Top non-repeatable levels by time:
     D:1: 1075 daAuts
     D:2: 619 daAuts
